Map: Site Delta LE

Players

Subwayeatn - Winner!

  • Race: Zerg Zerg
  • League: Platinum
  • Spawn Location: 11:00

gigant

  • Race: Protoss Protoss
  • League: Platinum
  • Spawn Location: 5:00

VOD

Have the link to the VOD?

Description

Time

  • Played on: Nov. 3, 2023, 12:24 p.m.
  • Length: 10:54
Show
View Real Time Build Order
Export as new Build Order

Subwayeatn Zerg - Winner!

Build Orders: Hatch First 

Get SALT Encoding   

  12  0:00  Drone  
  13  0:12  Overlord  
  13  0:19  Drone  
  14  0:32  Drone x2  
  16  0:49  Hatchery  
  15  0:52  Drone  
  15  0:55  Drone  
  17  0:59  Drone  
  17  1:03  Extractor  
  17  1:08  Drone  
  18  1:21  Spawning Pool  
  17  1:35  Drone  
  17  1:37  Overlord  
  18  1:47  Drone  
  18  1:49  Drone  
  20  2:12  Drone x3  
  20  2:13  Overlord  
  23  2:21  Drone  
  24  2:24  Drone  
  25  2:33  Drone x2  
  27  2:43  Drone  
  28  2:44  Hatchery  
  28  2:45  Drone  
  28  2:50  Queen x2  
  32  3:00  Drone x2  
  32  3:04  Metabolic Boost  
  34  3:11  Zergling x4  
  36  3:15  Drone  
  36  3:19  Drone  
  38  3:26  Drone, Queen  
  41  3:28  Lair  
  41  3:31  Drone  
  42  3:44  Drone x2  
  44  3:56  Queen  
  46  4:07  Overlord  
  46  4:08  Extractor  
  45  4:10  Overlord  
  45  4:17  Extractor, Drone x6  
  44  4:20  Overlord  
  50  4:28  Baneling Nest  
  49  4:31  Drone x2  
  49  4:32  Drone  
  49  4:34  Drone x3, Hydralisk Den  
  54  4:38  Extractor  
  53  4:46  Overseer  
  53  4:56  Spore Crawler  
  53  4:59  Overseer  
  52  5:12  Spore Crawler  
  52  5:13  Drone x13  
  64  5:22  Zergling x2  
  64  5:26  Grooved Spines  
  64  5:28  Queen  
  65  5:29  Drone x3  
  65  5:32  Drone x2  
  65  5:33  Drone  
  73  5:36  Overlord x2  
  73  5:42  Drone  
  74  5:52  Overlord x3  
  74  5:55  Evolution Chamber  
  73  5:57  Evolution Chamber  
  73  6:00  Drone  
  73  6:02  Drone  
  73  6:06  Hydralisk  
  73  6:07  Hydralisk x7  
  89  6:22  Drone, Spine Crawler  
  89  6:23  Hydralisk x5  
  99  6:27  Zergling x10  
  99  6:30  Zergling x2  
  105  6:32  Muscular Augments  
  105  6:38  Zergling x8  
  109  6:43  Overseer x2  
  105  7:15  Extractor x2  
  103  7:17  Centrifugal Hooks  
  103  7:19  Zergling x16  
  103  7:20  Zergling x6  
  103  7:22  Overlord x2  
  114  7:23  Overlord  
  114  7:25  Zerg Melee Weapons Level 1, Zerg Missile Weapons Level 1  
  114  7:36  Pneumatized Carapace  
  114  7:37  Burrow  
  96  8:26  Zergling x22  
  96  8:27  Zergling x22  
  113  8:34  Drone  
  104  9:17  Hatchery  
  98  9:24  Overlord x3  
  98  9:34  Baneling  
  98  9:35  Baneling x14  
  97  9:49  Hydralisk  
  97  9:50  Hydralisk x17  
  107  10:21  Overseer  
  107  10:23  Drone x3  
  107  10:24  Drone x3  
  113  10:29  Infestation Pit  
  113  10:31  Extractor  
  113  10:34  Extractor  
  110  10:41  Extractor  
  123  10:43  Hatchery  
  123  10:45  Extractor  
Show
View Real Time Build Order
Export as new Build Order

gigant Protoss 

Build Orders: 1 Gate Expand, Double Forge 

Get SALT Encoding   

  12  0:02  Probe (Chrono Boost)  
  13  0:11  Probe (Chrono Boost)  
  14  0:16  Probe (Chrono Boost)  
  15  0:25  Pylon  
  15  0:43  Probe  
  15  0:49  Gateway  
  16  1:09  Nexus  
  16  1:28  Gateway  
  16  1:30  Gateway  
  16  1:36  Zealot  
  18  1:44  Cybernetics Core  
  18  1:48  Probe (Chrono Boost)  
  19  1:58  Probe (Chrono Boost)  
  19  1:59  Assimilator  
  20  2:03  Probe (Chrono Boost)  
  20  2:04  Assimilator  
  21  2:18  Pylon  
  21  2:23  Shield Battery  
  21  2:28  Forge  
  21  2:30  Probe (Chrono Boost)  
  22  2:41  Probe (Chrono Boost)  
  22  2:42  Probe (Chrono Boost)  
  24  2:49  Probe x2 (Chrono Boost)  
  26  2:54  Probe (Chrono Boost)  
  26  2:57  Probe  
  28  3:06  Probe  
  28  3:07  Robotics Facility  
  28  3:09  Probe  
  28  3:11  Assimilator  
  30  3:15  Protoss Ground Weapons Level 1 (Chrono Boost)  
  30  3:18  Probe  
  31  3:21  Probe  
  32  3:33  Zealot  
  34  3:37  Assimilator, Probe (Chrono Boost)  
  34  3:38  Probe (Chrono Boost)  
  36  3:47  Probe (Chrono Boost)  
  36  3:48  Probe (Chrono Boost)  
  38  3:51  Pylon  
  38  3:52  Probe x2 (Chrono Boost)  
  38  3:55  Warp Gate  
  40  4:04  Probe x2  
  40  4:07  Photon Cannon  
  42  4:12  Twilight Council  
  42  4:16  Robotics Bay  
  42  4:22  Probe x2  
  44  4:26  Immortal  
  48  4:43  Probe x2  
  50  4:49  Forge  
  50  4:50  Charge  
  50  4:55  Probe x2  
  50  4:58  Pylon  
  52  5:01  Pylon  
  52  5:09  Protoss Shields Level 1  
  52  5:10  Sentry  
  54  5:16  Stalker x2  
  54  5:17  Pylon  
  58  5:32  Gateway  
  58  5:34  Gateway  
  58  5:37  Gateway  
  58  5:41  Photon Cannon  
  58  5:42  Shield Battery  
  58  5:44  Pylon  
  58  5:50  Stalker  
  58  5:55  Adept  
  58  5:56  Adept  
  64  6:37  Nexus  
  64  6:38  Pylon  
  64  6:41  Pylon  
  56  7:14  Stalker x2  
  56  7:15  Stalker  
  54  7:20  Gateway  
  54  7:21  Photon Cannon  
  54  7:26  Photon Cannon  
  54  7:28  Shield Battery  
  59  7:46  Stalker x2  
  59  7:47  Stalker  
  55  8:02  Colossus (Chrono Boost)  
  51  8:11  Zealot x4  
  51  8:12  Zealot x2  
  49  8:28  Pylon  
  49  8:29  Photon Cannon  
  49  8:32  Shield Battery  
  49  8:34  Photon Cannon  
  49  8:36  Stalker x3  
  49  8:37  Pylon  
  34  9:01  Stalker x2  
  34  9:02  Stalker  
  30  9:07  Robotics Facility  
  28  9:11  Photon Cannon  
  28  9:15  Photon Cannon  
  28  9:17  Photon Cannon  
  28  9:20  Shield Battery  
  28  9:22  Pylon  
  28  9:26  Gateway  
  28  9:29  Gateway, Photon Cannon  
  28  9:33  Pylon  
  28  9:36  Gateway  
  28  9:48  Zealot x3  
  22  10:09  Zealot x2  
  22  10:10  Zealot  
  28  10:28  Nexus  
  28  10:31  Pylon  
  28  10:34  Zealot x2  
  32  10:37  Zealot  
Tags
 
Add a new tag
Caveats
  • Supply blocks, unpowered buildings, or Contaminate may cause inaccurate times.
  • Supply counts are checked every 10 seconds.